 Dungeon Crawl Stone Soup version 0.13.0-29-gdb529de (webtiles) character file.

80 M4edhros the Sneak (level 3, -10/24 HPs)
             Began as an Octopode Artificer on Nov 13, 2013.
             Mangled by a yellow wasp (11 damage)
             ... while paralysed by a yellow wasp
             ... on Level 4 of the Dungeon.
             The game lasted 00:01:24 (1216 turns).

M4edhros the Sneak (Octopode Artificer)             Turns: 1216, Time: 00:01:24

HP -10/24        AC  1     Str 10      XL: 3   Next: 35%
MP   4/4         EV  2     Int 15      God:
Gold 45          SH  0     Dex 12      Spells:  0 memorised,  2 levels left

Res.Fire  : . . .   See Invis. : .   a - +0 short sword
Res.Cold  : . . .   Warding    : .   (no shield)
Life Prot.: . . .   Conserve   : .   (helmet restricted)
Res.Poison: .       Res.Corr.  : .   (no amulet)
Res.Elec. : .       Clarity    : .   (no ring)
Sust.Abil.: . .     Spirit.Shd : .   (no ring)
Res.Mut.  : .       Stasis     : .   (no ring)
Res.Rott. : .       Flight     : .   (no ring)
Saprovore : . . .                    (no ring)
                                     (no ring)
                                     (no ring)
                                     (no ring)

@: paralysed, mildly poisoned, slowed, not resistant to hostile enchantments,
quite stealthy
A: almost no armour, amphibious, 8 rings, constrict 8, camouflage 1, AC +1
a: no special abilities


You were on level 4 of the Dungeon.
You were not hungry.

You visited 1 branch of the dungeon, and saw 4 of its levels.

You collected 25 gold pieces.

Inventory:

Hand weapons
 a - a +0,+0 short sword (weapon)
Magical devices
 b - a wand of flame (10)
 c - a wand of enslavement (15)
 d - a wand of random effects (10)
Comestibles
 f - 3 bread rations
 i - a chunk of jackal flesh
Scrolls
 e - a scroll of curse armour {unknown}
 g - a scroll of magic mapping {unknown}
 h - a scroll of identify {unknown}


   Skills:
 - Level 1.0 Fighting
 - Level 1.0 Short Blades
 - Level 2.0 Dodging
 + Level 4.5 Stealth
 - Level 3.2 Evocations


You had 2 spell levels left.
You didn't know any spells.

Dungeon Overview and Level Annotations

Branches:
Dungeon (4/27)
 Temple: D:4-7

Altars:
Cheibriados


Innate Abilities, Weirdness & Mutations

You cannot wear most types of armour.
You are amphibious.
You can wear up to eight rings at the same time.
You can use your tentacles to constrict many enemies at once.
Your skin changes colour to match your surroundings (Stlth).
Your rubbery body absorbs attacks (AC +1).


Message History

Aim: a yellow wasp (moderately wounded)
The puff of flame hits the yellow wasp.
The yellow wasp is severely wounded.
This wand has 11 charges left.
The yellow wasp stings you!
Ouch! That really hurt!
You are poisoned.
You feel yourself slow down.
Evoke which item? (* to show all) (? for menu, Esc to quit)
Zapping:
b - a wand of flame (11)
Press: ? - help, Shift-Dir - straight line, f/p - yellow wasp
Aim: a yellow wasp (severely wounded)
The puff of flame hits the yellow wasp.
The yellow wasp is almost dead.
This wand has 10 charges left.
The yellow wasp barely misses you. The yellow wasp stings you!
* * * LOW HITPOINT WARNING * * *
You suddenly lose the ability to move!
* * * LOW HITPOINT WARNING * * *
You feel sick. The yellow wasp stings you!
You die...

###### #...<#
#...## #....#
# #...##.###
#..@.)...#
#.....>y...#.#
###.#..#####
.......
....#..#
####..# #.)#
... .


You could see a yellow wasp.

Vanquished Creatures
  A giant gecko (D:1)
  An orc (D:3)
  3 bats
  6 hobgoblins (D:1)
  6 jackals
  4 kobolds
  A giant newt (D:3)
  4 goblins
  4 rats
30 creatures vanquished.

Notes
Turn   | Place    | Note
--------------------------------------------------------------
     0 | D:1      | M4edhros, the Octopode Artificer, began the quest for the Orb.
     0 | D:1      | Reached XP level 1. HP: 14/14 MP: 1/1
   306 | D:1      | Reached XP level 2. HP: 9/19 MP: 3/3
   681 | D:1      | Reached skill level 4 in Stealth
   693 | D:2      | Reached XP level 3. HP: 17/24 MP: 4/4
   898 | D:3      | Found a snail-covered altar of Cheibriados.
  1204 | D:4      | Noticed an ogre
  1210 | D:4      | Noticed a yellow wasp
  1210 | D:4      | an ogre changed into a yellow wasp
  1215 | D:4      | Paralysed by a yellow wasp for 3 turns
  1216 | D:4      | HP: 1/24 [poisoned by a yellow wasp]
  1216 | D:4      | Mangled by a yellow wasp

Action                   || total
-------------------------++-------
Melee: Short sword       ||    65
Evoke: Wand              ||    10
  Use: Potion            ||     1
 Stab: Sleeping          ||     3
